 Dungeon Crawl Stone Soup version 0.27-a0-668-gb5737ff2c0 (webtiles) character file.

Game seed: 1093741227010607448

23 sanka the Insei (level 2, -2/21 HPs)
             Began as a Vampire Transmuter on Mar 17, 2021.
             Slain by Jessica
             ... wielding a +0 club
              (12 damage)
             ... on level 1 of the Dungeon.
             The game lasted 00:03:22 (1141 turns).

sanka the Insei (Vampire Transmuter)                Turns: 1141, Time: 00:03:23

Health: -2/21      AC:  2    Str:  9    XL:     2   Next: 72%
Magic:  4/5        EV: 12    Int: 15    God:
Gold:   17         SH:  0    Dex: 14    Spells: 2/5 levels left

rFire    . . .     SeeInvis +     - Unarmed
rCold    . . .     Faith    .   (no shield)
rNeg     . . .     Spirit   .   a - +0 robe
rPois    .         Reflect  .   (helmet currently unavailable)
rElec    .         Harm     .   (no cloak)
rCorr    .         Rampage  .   (no gloves)
Will     .....                  (boots currently unavailable)
Stlth    +.........             (no amulet)
HPRegen  0.27/turn              (no ring)
MPRegen  0.09/turn              (no ring)

@: appendages, regenerating quickly
A: horns 2, talons 2, alive, fangs 3, see invisible, unbreathing 1, vampiric 1
a: Exsanguinate, End Transformation


You were on level 1 of the Dungeon.
You had temporarily grown beastly horns and talons.
You visited 1 branch of the dungeon, and saw 2 of its levels.

You collected 17 gold pieces.


Innate Abilities, Weirdness & Mutations

You have temporarily grown beastly horns and talons.
Your natural rate of healing is unusually fast.
You have razor-sharp teeth.
You have supernaturally acute eyesight. (SInv)
You can survive without breathing.
You are afflicted with vampirism.


   Skills:
 - Level 1.1 Fighting
 - Level 2.3 Dodging
 - Level 4.0 Unarmed Combat
 - Level 2.0 Spellcasting
 + Level 2.6 Transmutations


You had 2 spell levels left.
You knew the following spells:

 Your Spells              Type           Power      Damage    Failure   Level
y - Wereblood             Tmut           9%         N/A       12%         2
z - Beastly Appendage     Tmut           18%        N/A       8%          1

Your spell library contained the following spells:

 Spells                   Type           Power      Damage    Failure   Level
 Spider Form              Tmut/Pois      2%         N/A       36%         3
 Ice Form                 Ice/Tmut       5%         N/A       78%         4
 Blade Hands              Tmut           4%         N/A       91%         5

Inventory:

Armour
 a - a +0 robe (worn)
Magical Staves
 e - a staff of fire
Scrolls
 b - a scroll of enchant weapon {unknown}
 c - a scroll of fog {unknown}
 d - a scroll of magic mapping {unknown}
 f - a scroll of teleportation {unknown}

Dungeon Overview and Level Annotations

Branches:
Dungeon (2/15)

Altars:

Shops:
D:1 (*(

Annotations:
D:1 Jessica

▒▒▒▒.▒▒...▒.▒.▒.▒....▒
▒.▒▒..▒.▒.▒.▒.▒▒▒▒▒
▒.▒▒...▒.▒.▒.▒▒
▒.▒▒..)..▒▒▒..▒
▒.▒▒▒▒▒▒▒▒▒▒▒)▒ ▒▒▒.▒
▒.........▒
▒...▒▒▒.........▒
▒.▒▒............▒
▒▒.▒▒.▒▒.@V.>....▒
▒▒.▒.▒.▒▒.....>...▒
▒.▒▒▒..▒▒[(.......▒
▒▒.▒...▒▒.........▒
▒▒.▒▒▒▒▒.........▒ ▒▒▒
▒......>..▒
▒▒▒▒▒▒▒▒▒▒▒


You could see Jessica (fast, strong).


Message History

Unknown command.
You grow a pair of large bovine horns.
Your feet morph into talons.
Jessica mumbles some strange words.
Jessica blinks!
Unknown command.
Jessica casts a spell at you. Pain shoots through your body!
There is an escape hatch in the floor here.
Jessica drinks a potion.
Jessica seems to grow stronger.
Unknown command.
You hit Jessica. You headbutt Jessica.
Jessica is moderately wounded.
Jessica casts a spell at you.
You barely resist.
Unknown command.
You barely miss Jessica.
Jessica is moderately wounded.
Jessica gestures at you while chanting. Pain shoots through your body!
* * * LOW HITPOINT WARNING * * *
Unknown command.
You closely miss Jessica. Your kick misses Jessica.
You bite Jessica, but do no damage.
Jessica is moderately wounded.
Jessica hits you with a +0 club!
Ouch! That really hurt!
You die...

Action                   || total
-------------------------++-------
Melee: Unarmed           ||    59
       Kick              ||    15
       Headbutt          ||     5
       Bite              ||     3
 Cast: Beastly Appendage ||    19
 Stab: Sleeping          ||     2
Armor: Robe              ||     9
Dodge: Dodged            ||    25

Levels and vault maps discovered:
D:1:      lightli_arrival_chessboard, layout_loops_cross, serial_shops,
          shop_fountains, nicolae_shop_overgrown_old_shop, shop_fountains,
          bh_walls_and_bars
D:2:      layout_rooms, uniq_sigmund, uniq_jessica

Notes
Turn   | Place    | Note
-------+----------+-------------------------------------------
     0 | D:1      | sanka the Vampire Transmuter began the quest for the Orb.
     0 | D:1      | Reached XP level 1. HP: 14/14 MP: 3/3
    17 | D:1      | Reached skill level 1 in Fighting
   217 | D:1      | Reached XP level 2. HP: 17/21 MP: 3/5
   225 | D:1      | Reached skill level 4 in Unarmed Combat
   279 | D:1      | Found Pite's Weapon Shop.
   463 | D:1      | Learned a level 2 spell: Wereblood
   489 | D:1      | Found Tarizul's Antique Weapon Shop.
   755 | D:1      | Found Pumag's Assorted Antiques.
  1132 | D:2      | Noticed Jessica
  1141 | D:1      | Slain by Jessica

Vanquished Creatures
  A leopard gecko (D:1)
  A giant cockroach (D:1)
  5 goblins (D:1)
  2 hobgoblins (D:1)
  A quokka (D:1)
  3 bats (D:1)
  3 frilled lizards (D:1)
  3 kobolds (D:1)
  3 rats (D:1)
22 creatures vanquished.

Vanquished Creatures (others)
  3 plants (D:1)
3 creatures vanquished.

Grand Total: 25 creatures vanquished
